 Dungeon Crawl Stone Soup version 0.32-a0-931-g5a2cda0630 (webtiles) character file.

Game seed: 7360715852889726109

80713 Querens the Eclecticist (level 14, 0/68 HPs)
             Began as a Deep Elf Conjurer on Apr 13, 2024.
             Was a High Priest of Vehumet.
             Slain by a merfolk
             ... wielding a +0 trident
             ... led by a merfolk aquamancer
              (1 damage)
             ... on level 1 of the Shoals.
             The game lasted 01:13:18 (11778 turns).

Querens the Eclecticist (Deep Elf Conjurer)        Turns: 11778, Time: 01:13:18

Health: 0/68       AC: 12    Str: 10    XL:     14   Next: 95%
Magic:  40/40      EV: 11    Int: 29    God:    Vehumet [*****.]
Gold:   442        SH:  5    Dex: 13    Spells: 4/53 levels left

rFire   . . .        (no weapon)
rCold   + . .        (no shield)
rNeg    + . .        V - +3 troll leather armour
rPois   .            n - +0 helmet
rElec   .            O - +0 cloak
rCorr   .            F - +0 pair of gloves
SInv    .            E - +2 pair of boots
Will    +....        i - amulet "Hycwauv" {Reflect ^Drain Str+6 SH+5}
Stlth   +            c - ring of protection from cold
HPRegen 1.11/turn    M - ring of positive energy
MPRegen 0.27/turn

%: reflection
@: engulfed (cannot breathe), very slow
A: no striking features
a: Renounce Religion


You were on level 1 of the Shoals.
You worshipped Vehumet.
Vehumet was extremely pleased with you.
You visited 5 branches of the dungeon, and saw 19 of its levels.
You also visited: Sewer.

You collected 2348 gold pieces.
You spent 1906 gold pieces at shops.

Inventory:

Hand Weapons
 b - the +6 flail of Adverse Possession {flame, rCorr Str-5 Int+3 Stlth+}
   (You took it off an orc on level 8 of the Dungeon)

   Str-5:     It affects your strength (-5).
   Int+3:     It affects your intelligence (+3).
   rCorr:     It protects you from acid and corrosion.
   Stlth+:    It makes you more stealthy.
 L - the +12 falchion of Womat {flame, rPois rC++}
   (You bought it in a shop on level 2 of the Orcish Mines)

   rC++:      It greatly protects you from cold.
   rPois:     It protects you from poison.
 W - the +9 sling "Newtslayer" {flame, SInv}
   (You found it on level 5 of the Lair of Beasts)

   SInv:      It lets you see invisible.
Missiles
 R - 4 throwing nets
 S - 4 curare-tipped darts
Armour
 n - a +0 helmet (worn)
 s - a scarf of invisibility
 E - a +2 pair of boots (worn)
 F - a +0 pair of gloves (worn)
 H - a +0 hat of stealth
 O - a +0 cloak (worn)
 V - a +3 troll leather armour (worn)
Jewellery
 c - a ring of protection from cold (left hand)
 i - the amulet "Hycwauv" (around neck) {Reflect ^Drain Str+6 SH+5}
   (You found it on level 10 of the Dungeon)

   [amulet of reflection]

   Reflect:   It reflects blocked missile attacks.
   Str+6:     It affects your strength (+6).
   ^Drain:    It drains your maximum health when unequipped.
   SH+5:      It affects your SH (+5).
 l - a ring of flight
 I - a ring of resist corrosion
 M - a ring of positive energy (right hand)
 N - a ring of positive energy
 Q - a ring of willpower
 T - a +6 ring of strength
Talismans
 a - a dragon-blood talisman
Wands
 v - a wand of acid (11)
 z - a wand of iceblast (28)
 K - a wand of digging (8)
Scrolls
 f - 5 scrolls of immolation
 g - 3 scrolls of silence
 j - a scroll of torment
 m - a scroll of acquirement {unknown}
 o - 8 scrolls of teleportation
 w - 5 scrolls of enchant weapon
 y - 6 scrolls of blinking
 A - 3 scrolls of amnesia
 C - 2 scrolls of fog
 D - 3 scrolls of revelation
 P - 4 scrolls of fear
 U - 5 scrolls of poison
 X - 2 scrolls of enchant armour
Potions
 d - 2 potions of mutation {unknown}
 e - 2 potions of lignification
 h - 4 potions of attraction
 k - a potion of curing
 p - 2 potions of brilliance {unknown}
 q - 3 potions of cancellation {unknown}
 r - 4 potions of might
 t - 7 potions of heal wounds
 u - 2 potions of resistance
 x - a potion of haste {unknown}
 B - 2 potions of enlightenment
 G - 8 potions of ambrosia
 J - 2 potions of magic
 Y - 2 potions of invisibility {unknown}
 Z - 2 potions of berserk rage


   Skills:
 - Level 2.4 Dodging
 - Level 2.4 Stealth
 + Level 20.1 Spellcasting
 + Level 17.3 Conjurations
 + Level 12.1 Summonings
 - Level 10.0 Translocations
 + Level 6.3 Earth Magic


You had 4 spell levels left.
You knew the following spells:

 Your Spells              Type           Power      Damage    Failure   Level
a - Magic Dart            Conj           100%       1d8       0%          1
b - Searing Ray           Conj           100%       2d8       0%          2
c - Iskenderun's Mystic   Conj/Tloc      83%        2d16      (+2d91%     4
d - Fulminant Prism       Conj/Alch      34%        3d15      1%          4
e - Dazzling Flash        Conj/Hex       100%       N/A       1%          3
f - Orb of Destruction    Conj           46%        9d12      1%          7
g - Spellforged Servitor  Conj/Summ      43%        N/A       1%          7
h - Summon Hydra          Summ           39%        N/A       11%         7
i - Plasma Beam           Fire/Air       14%        2x1d25    54%         6
j - Lehudib's Crystal Sp  Conj/Erth      39%        10d10     24%         8

Your spell library contained the following spells:

 Spells                   Type           Power      Damage    Failure   Level
 Permafrost Eruption      Ice/Erth       23%        2x4d6     19%         6
 Summon Small Mammal      Summ           100%       N/A       0%          1
 Momentum Strike          Conj/Tloc      100%       3d10      0%          2
 Apportation              Tloc           100%       N/A       1%          1
 Necrotise                Necr           100%       1d9       1%          1
 Sting                    Conj/Alch      100%       1d9       1%          1
 Blink                    Tloc           100%       N/A       1%          2
 Call Imp                 Summ           100%       N/A       1%          2
 Lesser Beckoning         Tloc           100%       N/A       1%          2
 Inner Flame              Hex/Fire       29%        N/A       1%          3
 Maxwell's Portable Pile  Tloc           72%        2d(12-35) 1%          3
 Summon Ice Beast         Ice/Summ       59%        N/A       1%          3
 Volatile Blastmotes      Fire/Tloc      100%       2d18      1%          3
 Flame Wave               Conj/Fire      68%        2d15      1%          4
 Passage of Golubria      Tloc           72%        N/A       1%          4
 Summon Blazeheart Golem  Fire/Summ      59%        N/A       1%          4
 Sublimation of Blood     Necr           29%        N/A       2%          2
 Ignite Poison            Fire/Alch      29%        N/A       5%          4
 Sticky Flame             Fire/Alch      29%        2d7       5%          4
 Animate Dead             Necr           29%        N/A       19%         4
 Cause Fear               Hex            14%        N/A       19%         4
 Arcjolt                  Conj/Air       34%        1d44      1%          5
 Fireball                 Conj/Fire      34%        3d14      1%          5
 Summon Mana Viper        Hex/Summ       59%        N/A       4%          5
 Monstrous Menagerie      Summ           39%        N/A       11%         7
 Borgnjor's Vile Clutch   Necr/Erth      23%        N/A       14%         5
 Silence                  Hex/Air        14%        N/A       45%         5
 Death Channel            Necr           14%        N/A       95%         6
 Sculpt Simulacrum        Ice/Alch       14%        N/A       95%         6
 Ozocubu's Refrigeration  Ice            14%        4d10      97%         7
 Ignition                 Fire           14%        3d6       100%        8
 Maxwell's Capacitive Co  Air            14%        ∞         100%        8
 Dragon's Call            Summ           39%        N/A       100%        9
 Polar Vortex             Ice            14%        12d1*     100%        9


Dungeon Overview and Level Annotations

Branches:
Dungeon (10/15)            Temple (1/1) D:6            Lair (5/5) D:10
 Shoals (1/4) Lair:2       Spider (0/4) Lair:2        Slime (0/5) Lair:5
    Orc (2/2) D:9             Elf (0/3) Orc:2         Sewer (visited)

Altars:
Ashenzari
Cheibriados
Dithmenos
Elyvilon
Fedhas
Gozag
Hepliaklqana
Kikubaaqudgha
Makhleb
Nemelex Xobeh
Okawaru
Qazlal
Ru
Sif Muna
Trog
Uskayaw
Vehumet
Wu Jian
Xom
Yredelemnul
Zin
The Shining One
Jiyva

Shops:
Orc:1 (   Orc:2 :[((   Shoals:1 !


Message History

You fall into the shallow water.
Moving in this stuff is going to be slow.
The merfolk hits you from afar with a +0 trident.
A water elemental comes into view.
The water elemental hits you.
The water elemental engulfs you in water!
The merfolk hits you but does no damage.
The merfolk aquamancer casts a spell at you.
The shard of ice misses you. The water elemental hits you.
The merfolk hits you with a +0 trident.
You cannot cast spells while unable to breathe!
The +6 flail of Adverse Possession {flame, rCorr Str-5 Int+3 Stlth+} stops flaming.
You are now empty-handed.
Splash!
You fall into the shallow water.
Moving in this stuff is going to be slow.
Your lungs strain for air!
The merfolk aquamancer hits you with a +0 rapier.
Unknown command.
Unknown command.
Unknown command.
You cannot cast spells while unable to breathe!
You stop removing your armour.
Your lungs strain for air!
The water elemental hits you!
The merfolk hits you with a +0 trident!!
* * * LOW HITPOINT WARNING * * *
The merfolk aquamancer closely misses you.
The water elemental hits you!
* * * LOW HITPOINT WARNING * * *
The water engulfing you falls away.
You gasp with relief as air once again reaches your lungs.
The water elemental attacks as it pursues you!
The water elemental hits you!
* * * LOW HITPOINT WARNING * * *
The water elemental engulfs you in water!
The merfolk throws a boomerang.
The boomerang barely misses you. The water elemental hits you.
The water elemental closely misses you.
The merfolk hits you from afar with a +0 trident.
You die...

#..~~~≈≈≈≈≈≈≈≈≈≈≈~~.## #.
...~~~≈≈≈≈≈≈≈≈≈≈≈~.## ##
..~~~~~≈≈≈≈≈≈≈≈≈~~..#####
..~~~~~≈≈≈≈≈≈≈≈≈~~.......
.≈≈≈~~~~≈≈≈≈≈≈~~.........
.~≈≈~~~~~~≈≈≈~~..........
~.~≈≈~~~~m~~≈≈~~..........
~~~≈≈~~EEm~~≈≈~~..........
≈≈≈≈≈≈≈≈≈E@~~≈≈~~.......... #.
~.≈≈≈≈≈≈≈~~≈≈≈≈~~..........
#.~≈~≈≈≈≈≈≈≈~~~~≈≈≈~~~..∩......
##......~≈~≈≈≈~.~~~≈≈~~..........
..........~~~~~~~~≈≈≈~~..........
.....##....~~.~~~≈≈≈≈≈~..........
.....##.~..~..~~≈≈≈≈≈≈~~.........
....# #.....~~~≈≈≈≈≈≈≈≈≈≈~.......
....###.....~~≈≈≈≈≈≈≈≈≈≈≈≈~..~~.#


You could see a merfolk aquamancer, a merfolk and 3 water elementals.

Vanquished Creatures
  An ettin (Orc:1)
  3 hydras
  A centaur warrior (D:10)
  Harold (D:9)
  Erica (D:8)
  3 boulder beetles
  4 two-headed ogres
  A death yak (Lair:5)
  5 orc high priests
  Sonja (Lair:4)
  A pharaoh ant (Lair:2)
  An obsidian bat (Orc:2)
  A lindwurm (Lair:5)
  2 harpies (Lair:2)
  6 orc knights
  Maurice (D:8)
  A manticore (D:10)
  4 orc sorcerers (Orc:2)
  2 elephants (Lair:5)
  3 kobold blastminers (Orc:2)
  4 black mambas
  A torpor snail (Lair:2)
  9 cane toads
  2 unseen horrors (D:10)
  A rime drake (Lair:1)
  Jeremiah (D:8)
  5 komodo dragons
  A polar bear (Lair:4)
  5 trolls
  2 hornets
  A queen bee (Lair:3)
  Prince Ribbit (D:5)
  A tarantella (Lair:2)
  12 blink frogs
  12 dream sheep
  Sigmund (D:6)
  2 wraiths
  2 shadows (D:10)
  2 wargs (Orc:1)
  29 yaks
  2 wyverns
  2 steam dragons
  Eustachio (D:6)
  7 water moccasins
  An acid dragon (D:10)
  22 orc warriors
  An ice beast (D:6)
  3 sky beasts
  A black bear (D:10)
  6 ogres
  A crocodile (Sewer)
  4 centaurs
  11 wolves
  A phantom (D:6)
  9 bullfrogs
  5 kobold brigands
  7 scorpions
  A gnoll sergeant (D:10)
  16 wights
  32 killer bees
  A howler monkey (D:10)
  2 bombardier beetles (D:5)
  4 hounds
  A gnoll bouda (D:8)
  A jelly (D:7)
  20 orc priests
  12 orc wizards
  2 sleepcaps
  3 iguanas
  6 hell rats (Lair:2)
  Robin (D:3)
  3 gnolls (D:8)
  12 adders
  A river rat (Sewer)
  A shadow imp (D:6)
  3 white imps
  4 ufetubi (D:6)
  4 ribbon worms
  56 orcs
  11 endoplasms
  3 giant cockroaches (D:4)
  13 goblins
  8 hobgoblins
  2 jackals (D:4)
  4 quokkas
  5 ball pythons
  5 bats
  3 frilled lizards
  19 kobolds
  13 rats
493 creatures vanquished.

Vanquished Creatures (collateral kills)
  Gastronok (Lair:2)
  A dire elephant (Lair:5)
  A hydra (Lair:5)
  A catoblepas (Lair:3)
  5 death yaks
  2 skysharks
  A sea snake (Shoals:1)
  2 orc knights (Orc:2)
  An orc sorcerer (Orc:2)
  3 fauns (Shoals:1)
  2 oklob plants (Lair:5)
  4 elephants (Lair:5)
  A water nymph (Shoals:1)
  A merfolk siren (Shoals:1)
  2 black mambas (Lair:5)
  6 cane toads
  2 rime drakes (Lair:5)
  3 komodo dragons
  2 merfolk (Shoals:1)
  A polar bear (Lair:5)
  A wind drake (Shoals:1)
  3 blink frogs (Lair:4)
  A snapping turtle (Shoals:1)
  9 yaks
  A wyvern (Lair:3)
  2 basilisks
  3 water moccasins
  2 orc warriors (Orc:2)
  An ogre (Orc:2)
  3 wolves (Lair:5)
  A bullfrog (Lair:4)
  A vampire bat (Lair:4)
  An orc priest (Orc:2)
  6 orcs (Orc:2)
  4 bats (Lair:4)
81 creatures vanquished.

Vanquished Creatures (others)
  A merfolk avatar (Shoals:1)
  A shadow (D:10)
  A wolf (Lair:5)
  2 orc wizards
  12 fulminant prisms
17 creatures vanquished.

Grand Total: 591 creatures vanquished

Notes
Turn   | Place    | Note
-------+----------+-------------------------------------------
     0 | D:1      | Querens the Deep Elf Conjurer began the quest for the Orb.
     0 | D:1      | Reached XP level 1. HP: 10/10 MP: 6/6
   221 | D:1      | Reached XP level 2. HP: 15/15 MP: 3/8
   578 | D:2      | Learned a level 2 spell: Searing Ray
   664 | D:2      | Reached skill level 4 in Spellcasting
   664 | D:2      | Reached skill level 5 in Conjurations
   664 | D:2      | Reached XP level 3. HP: 19/19 MP: 0/10
   941 | D:2      | Identified the +1 ring mail of the Planets {Rampage Fly
                  | rPois}
  1018 | D:3      | Noticed Robin
  1031 | D:3      | Reached XP level 4. HP: 18/24 MP: 5/12
  1086 | D:3      | Killed Robin
  1235 | D:3      | Found a radiant altar of Vehumet.
  1238 | D:3      | Became a worshipper of Vehumet
  1573 | D:3      | Learned a level 4 spell: Iskenderun's Mystic Blast
  1578 | D:3      | Learned a level 4 spell: Fulminant Prism
  1618 | D:3      | Reached skill level 5 in Spellcasting
  1910 | D:4      | Reached skill level 1 in Translocations
  2048 | D:4      | Reached XP level 5. HP: 28/28 MP: 9/14
  2068 | D:4      | Found a glowing drain.
  2072 | Sewer    | Entered a sewer
  2080 | Sewer    | Reached * piety under Vehumet
  2080 | Sewer    | Offered knowledge of Sting by Vehumet.
  2255 | Sewer    | Reached XP level 6. HP: 32/32 MP: 12/16
  2287 | Sewer    | Reached skill level 6 in Spellcasting
  2418 | D:4      | Found a hazy altar of Hepliaklqana.
  2580 | D:4      | Found a glowing silver altar of Zin.
  2612 | D:5      | Entered Level 5 of the Dungeon
  2718 | D:5      | Reached XP level 7. HP: 36/36 MP: 14/19
  2737 | D:5      | Reached skill level 7 in Spellcasting
  2737 | D:5      | Reached ** piety under Vehumet
  2774 | D:5      | Offered knowledge of Momentum Strike by Vehumet.
  2897 | D:5      | Noticed Prince Ribbit
  3020 | D:5      | Killed Prince Ribbit
  3021 | D:5      | Reached skill level 8 in Spellcasting
  3021 | D:5      | Reached XP level 8. HP: 41/41 MP: 16/22
  3029 | D:5      | Reached skill level 5 in Translocations
  3063 | D:6      | Noticed Eustachio
  3106 | D:6      | Killed Eustachio
  3107 | D:6      | Reached skill level 9 in Spellcasting
  3197 | D:6      | Found a staircase to the Ecumenical Temple.
  3201 | D:6      | Offered knowledge of Inner Flame by Vehumet.
  3207 | Temple   | Entered the Ecumenical Temple
  3302 | D:6      | Noticed Sigmund
  3308 | D:6      | Killed Sigmund
  3430 | D:6      | Reached XP level 9. HP: 45/45 MP: 15/24
  3641 | D:7      | Reached skill level 10 in Spellcasting
  3899 | D:7      | Reached *** piety under Vehumet
  3966 | D:7      | HP: 2/45 [orc priest/divine providence (15)]
  4152 | D:8      | Offered knowledge of Dazzling Flash by Vehumet.
  4202 | D:8      | Reached skill level 11 in Spellcasting
  4206 | D:8      | Identified the +6 flail of Adverse Possession {flame, rCorr
                  | Str-5 Int+3 Stlth+}
  4221 | D:8      | Reached skill level 10 in Conjurations
  4243 | D:8      | Noticed Erica
  4247 | D:8      | Learned a level 3 spell: Dazzling Flash
  4313 | D:8      | Killed Erica
  4314 | D:8      | Reached XP level 10. HP: 50/50 MP: 19/27
  4316 | D:8      | Noticed Maurice
  4327 | D:8      | Killed Maurice
  4464 | D:8      | Paralysed by a hornet for 3 turns
  4469 | D:8      | Reached skill level 12 in Spellcasting
  4515 | D:8      | Noticed Jeremiah
  4524 | D:8      | Killed Jeremiah
  4636 | D:8      | Reached **** piety under Vehumet
  4857 | D:9      | Noticed a two-headed ogre
  4864 | D:9      | Killed a two-headed ogre
  4930 | D:9      | Found a basalt altar of Yredelemnul.
  5029 | D:9      | Noticed Harold
  5038 | D:9      | Killed Harold
  5039 | D:9      | Reached skill level 10 in Translocations
  5064 | D:9      | Offered knowledge of Olgreb's Toxic Radiance by Vehumet.
  5065 | D:9      | Reached skill level 13 in Spellcasting
  5140 | D:9      | Found a staircase to the Orcish Mines.
  5238 | D:9      | Found a white marble altar of Elyvilon.
  5364 | Orc:1    | Entered Level 1 of the Orcish Mines
  5377 | Orc:1    | Found Amoum's Antique Weapon Emporium.
  5400 | Orc:1    | Learned a level 7 spell: Orb of Destruction
  5408 | Orc:1    | Learned a level 7 spell: Spellforged Servitor
  5416 | Orc:1    | Learned a level 7 spell: Summon Hydra
  5421 | Orc:1    | Noticed an orc high priest
  5431 | Orc:1    | Killed an orc high priest
  5432 | Orc:1    | Reached skill level 1 in Summonings
  5488 | Orc:1    | Noticed an ettin
  5497 | Orc:1    | Killed an ettin
  5498 | Orc:1    | Reached XP level 11. HP: 54/54 MP: 18/30
  5637 | Orc:2    | Entered Level 2 of the Orcish Mines
  5637 | Orc:2    | Noticed an orc knight
  5687 | D:10     | Entered Level 10 of the Dungeon
  5757 | D:10     | Reached ***** piety under Vehumet
  5771 | D:10     | Offered knowledge of Plasma Beam by Vehumet.
  5838 | D:10     | Identified the amulet "Hycwauv" {Reflect ^Drain Str+6 SH+5}
  5922 | D:10     | Reached skill level 14 in Spellcasting
  5994 | D:10     | Noticed a two-headed ogre
  6002 | D:10     | Killed a two-headed ogre
  6003 | D:10     | Noticed a centaur warrior
  6103 | D:10     | Found a staircase to the Lair.
  6111 | D:10     | Reached skill level 5 in Summonings
  6194 | D:10     | Found a broken altar of Ashenzari.
  6221 | D:10     | Noticed a two-headed ogre
  6222 | D:10     | Found a shadowy altar of Dithmenos.
  6227 | D:10     | Killed a two-headed ogre
  6276 | D:10     | Noticed a boulder beetle
  6313 | D:10     | Found an iron altar of Okawaru.
  6345 | D:10     | Killed a boulder beetle
  6541 | D:10     | Reached skill level 15 in Spellcasting
  6544 | D:10     | Noticed a boulder beetle
  6738 | D:10     | Killed a centaur warrior
  6739 | D:10     | Reached XP level 12. HP: 48/59 MP: 20/33
  6867 | Orc:1    | Learned a level 6 spell: Plasma Beam
  6869 | Orc:2    | Noticed an orc high priest
  6919 | Orc:2    | Offered knowledge of Brom's Barrelling Boulder by Vehumet.
  6922 | Orc:2    | Killed an orc high priest
  6994 | Orc:2    | HP: 1/59 [orc warrior/bolt (13)]
  7098 | Orc:2    | Found a staircase to the Elven Halls.
  7141 | Orc:2    | Reached skill level 16 in Spellcasting
  7507 | Orc:2    | Noticed a two-headed ogre
  7512 | Orc:2    | Killed a two-headed ogre
  7522 | Orc:2    | Noticed an orc high priest
  7523 | Orc:2    | Noticed an orc high priest
  7526 | Orc:2    | Killed an orc high priest
  7527 | Orc:2    | Paralysed by an orc sorcerer for 4 turns
  7532 | Orc:2    | Noticed an orc high priest
  7534 | Orc:2    | Offered knowledge of Ozocubu's Refrigeration by Vehumet.
  7535 | Orc:2    | Killed an orc high priest
  7537 | Orc:2    | Killed an orc high priest
  7539 | Orc:2    | Reached skill level 17 in Spellcasting
  7539 | Orc:2    | Reached XP level 13. HP: 63/63 MP: 19/36
  7549 | Orc:2    | Found Wyduumau's Antique Weapon Shop.
  7549 | Orc:2    | Found Xudwunui's Book Emporium.
  7551 | Orc:2    | Found Woyhuvy's Antique Weapon Shop.
  7551 | Orc:2    | Found Xeomuvat's Armour Emporium.
  7903 | Orc:2    | Bought a book of Ice for 600 gold pieces
  7903 | Orc:2    | Bought a book of the Moon for 480 gold pieces
  7909 | Orc:2    | Bought an ichor-stained falchion for 280 gold pieces
  7909 | Orc:2    | Identified the +12 falchion of Womat {flame, rPois rC++}
                  | (You bought it in a shop on level 2 of the Orcish Mines)
  8029 | Lair:1   | Entered Level 1 of the Lair of Beasts
  8271 | Lair:1   | Reached skill level 15 in Conjurations
  8271 | Lair:1   | Reached skill level 10 in Summonings
  8650 | Lair:2   | Found a hole to the Spider Nest.
  8791 | Lair:2   | Reached skill level 18 in Spellcasting
  8950 | Lair:2   | Found a staircase to the Shoals.
  8977 | Lair:2   | You fall into a shaft and drop 2 floors!
  8983 | Lair:4   | Noticed Sonja
  8998 | Lair:4   | Killed Sonja
  9222 | Lair:2   | Noticed Gastronok
  9282 | Lair:2   | Killed Gastronok
  9551 | Lair:3   | Learned a level 8 spell: Lehudib's Crystal Spear
  9572 | Lair:3   | Offered knowledge of Conjure Ball Lightning by Vehumet.
  9573 | Lair:3   | Reached XP level 14. HP: 68/68 MP: 35/38
 10108 | Lair:4   | Reached skill level 19 in Spellcasting
 10108 | Lair:4   | Reached skill level 1 in Earth Magic
 10453 | Lair:5   | Entered Level 5 of the Lair of Beasts
 10457 | Lair:5   | Offered knowledge of Permafrost Eruption by Vehumet.
 10492 | Lair:5   | Identified the +9 sling "Newtslayer" {flame, SInv}
 10512 | Lair:5   | Found a staircase to the Slime Pits.
 10926 | Lair:5   | Identified the +5 dagger of Ladgh {flame, rCorr}
 11049 | Lair:5   | Found a viscous altar of Jiyva.
 11158 | Lair:5   | Reached skill level 5 in Earth Magic
 11278 | Lair:5   | Reached skill level 20 in Spellcasting
 11339 | Lair:5   | Got an earthy gem with 364 turns to spare
 11478 | Shoals:1 | Entered Level 1 of the Shoals
 11674 | Shoals:1 | Found Tyhiette's Distillery.
 11684 | Shoals:1 | Bought a potion of berserk rage for 70 gold pieces
 11684 | Shoals:1 | Bought a potion of lignification for 42 gold pieces
 11684 | Shoals:1 | Bought a potion of enlightenment for 70 gold pieces
 11684 | Shoals:1 | Bought a potion of degeneration for 14 gold pieces
 11684 | Shoals:1 | Bought a potion of heal wounds for 70 gold pieces
 11684 | Shoals:1 | Bought a potion of magic for 112 gold pieces
 11684 | Shoals:1 | Bought a potion of magic for 112 gold pieces
 11684 | Shoals:1 | Bought a potion of might for 56 gold pieces
 11778 | Shoals:1 | HP: 1/68 [water elemental[a merfolk aquamancer] (12)]
 11778 | Shoals:1 | Slain by a merfolk

Illustrated notes

Levels and vault maps discovered:
D:1:      dpeg_arrival_radiant, layout_loops_cross
D:2:      layout_rooms
D:3:      layout_basic, mainiacjoe_overflow_brackets, uniq_robin
D:4:      layout_rooms, nicolae_hepliaklqana_hazy_memory, zin_statuary,
          mainiacjoe_sewer_entry_somewhere_in_here_2
D:5:      layout_cave_pools, uniq_prince_ribbit1
D:6:      layout_basic, minmay_temple_entry_statues_pillars, uniq_eustachio,
          uniq_sigmund
D:7:      layout_basic
D:8:      layout_basic, minmay_checkerbox, uniq_erica, uniq_jeremiah,
          uniq_maurice
D:9:      layout_basic, lemuel_coloured_pillars_altar,
          mainiacjoe_overflow_alcove_4, hiddenorc1_lemuel, uniq_harold
D:10:     nzn_winding_woodlands_medium [nzn_winding_woodlands_5x5_cross,
          nzn_winding_woodlands_5x15_jagged,
          nzn_winding_woodlands_5x5_closed_star,
          nzn_winding_woodlands_5x5_checkerboard,
          nzn_winding_woodlands_center_lodge, nzn_winding_woodlands_hourglass,
          nzn_winding_woodlands_5x5_default,
          nzn_winding_woodlands_5x15_longhouse,
          nzn_winding_woodlands_5x5_three], layout_irregular_city,
          mainiacjoe_overflow_two_lobes, mainiacjoe_overflow_alcove_1,
          grunt_lair_entry_orc_guard_hut
Temple:   minmay_temple_curvy_branch
Lair:1:   layout_regular_city, nzn_sisyphean_effort
Lair:2:   layout_loops_ring, nicolae_shoals_entry_roost,
          nicolae_spider_entry_lesser_pyramids, serial_bayou_shore_a,
          grunt_megastairs_2, uniq_gastronok
Lair:3:   layout_hall_layers, special_room [special_room_bee],
          lemuel_fruit_fields
Lair:4:   layout_hall_layers, roderic_batcave, uniq_sonja
Lair:5:   hangedman_lair_in_review, layout_loops_ring,
          minmay_slime_entry_oklob_open
Shoals:1: layout_shoals, serial_shops, shop
Orc:1:    layout_diamond_mine, serial_shops, shop
Orc:2:    grunt_orc_tribal_feast, layout_caves

Skill      XL: |  1  2  3  4  5  6  7  8  9 10 11 12 13 14 |
---------------+-------------------------------------------+-----
Spellcasting   | 4 5 6 8 9 11 13 15 17 18 20 | 20.1
Conjurations   | 5 6 7 8 10 11 13 14 16 17 | 17.3
Translocations | 1 2 3 4 6 8 10 | 10.0
Summonings     | 2 6 9 11 12 | 12.1
Earth Magic    | 6 |  6.3
Dodging        | |  2.4
Stealth        | |  2.4

Action                     |  1- 3 |  4- 6 |  7- 9 | 10-12 | 13-15 || total
---------------------------+-------+-------+-------+-------+-------++-------
  Melee: Unarmed           |     2 |     9 |       |       |       ||    11
         Short sword       |       |    24 |     4 |       |       ||    28
         Rapier            |       |       |    15 |    34 |       ||    49
         Flail             |       |       |       |    51 |   118 ||   169
   Cast: Magic Dart        |    59 |    22 |     2 |     2 |       ||    85
         Searing Ray       |     8 |    25 |    45 |    17 |     2 ||    97
         Iskenderun's Myst |       |     1 |    31 |   127 |   109 ||   268
         Fulminant Prism   |       |       |     1 |    11 |       ||    12
         Orb of Destructio |       |       |       |     7 |    12 ||    19
         Dazzling Flash    |       |       |       |     2 |       ||     2
         Spellforged Servi |       |       |       |     5 |    35 ||    40
  Evoke: Wand              |       |       |    11 |     4 |       ||    15
    Use: Potion            |     1 |       |     5 |     2 |     1 ||     9
         Scroll            |       |       |     7 |     6 |     6 ||    19
   Stab: Sleeping          |     1 |     1 |       |       |     1 ||     3
         Distracted        |       |       |       |       |     1 ||     1
 Armour: Robe              |    28 |    36 |    39 |       |       ||   103
         Leather armour    |       |       |    32 |    74 |       ||   106
         Troll leather arm |       |       |       |   110 |   210 ||   320
  Dodge: Dodged            |    31 |    44 |    55 |   116 |   156 ||   402
  Block: Other             |       |       |       |    27 |    60 ||    87
         Reflection        |       |       |       |     6 |     1 ||     7

Table legend: (Time is in decaauts)
 A = Elapsed time spent in this place.
 B = Non-inter-level travel time spent in this place.
 C = Inter-level travel time spent in this place.
 D = Time resting spent in this place.
 E = Time spent auto-exploring this place.
 F = Levels seen in this place.
 G = Mean time per level.
                   A        B        C        D        E       F      G
               +--------+--------+--------+--------+--------+-----+--------+
         Total |  12069 |  10984 |   1085 |    102 |      0 |  20 |  603.5 |
       Dungeon |   6364 |   5819 |    545 |     51 |      0 |  10 |  636.4 |
        Temple |      1 |      1 |      0 |      0 |      0 |   1 |    1.0 |
          Lair |   3527 |   3265 |    262 |     51 |      0 |   5 |  705.4 |
        Shoals |    342 |    325 |     17 |      0 |      0 |   1 |  342.0 |
  Orcish Mines |   1432 |   1173 |    259 |      0 |      0 |   2 |  716.0 |
         Sewer |    401 |    401 |      0 |      0 |      0 |   1 |  401.0 |
               +--------+--------+--------+--------+--------+-----+--------+

Top non-repeatable levels by time:
    D:10: 1198 daAuts
  Lair:5: 958 daAuts
     D:3: 814 daAuts
   Orc:2: 809 daAuts
  Lair:3: 775 daAuts
     D:9: 720 daAuts
     D:7: 653 daAuts
  Lair:2: 635 daAuts
   Orc:1: 622 daAuts
  Lair:1: 596 daAuts
     D:8: 575 daAuts
     D:1: 567 daAuts
  Lair:4: 561 daAuts
     D:4: 498 daAuts
     D:6: 471 daAuts
